 Dungeon Crawl Stone Soup version 0.21.0-3-g78d12a8 (webtiles) character file.

805 Ignatius881 the Destroyer (level 7, -2/36 HPs)
             Began as a Deep Elf Conjurer on Jan 9, 2018.
             Was a Follower of Sif Muna.
             Shot with an arrow by a centaur (6 damage)
             ... on level 5 of the Dungeon.
             The game lasted 00:21:31 (5258 turns).

Ignatius881 the Destroyer (Deep Elf Conjurer)       Turns: 5258, Time: 00:21:32

Health: -2/36      AC:  3    Str:  5    XL:     7   Next: 60%
Magic:  8/18       EV: 12    Int: 22    God:    Sif Muna [*.....]
Gold:   335        SH:  5    Dex: 15    Spells: 5/19 levels left

rFire    . . .     SeeInvis .   f - +0 dagger
rCold    . . .     Gourm    .   s - +2 buckler
rNeg     . . .     Faith    .   a - +1 robe
rPois    .         Spirit   .   (no helmet)
rElec    .         Reflect  .   (no cloak)
rCorr    .         Harm     .   (no gloves)
MR       .....                  (no boots)
Stlth    ++........             (no amulet)
HPRegen  0.12/turn              (no ring)
MPRegen  0.16/turn              (no ring)

@: no status effects
A: no striking features
a: Divine Energy, Renounce Religion


You were on level 5 of the Dungeon.
You worshipped Sif Muna.
Sif Muna was aware of your devotion.
You were not hungry.

You visited 2 branches of the dungeon, and saw 6 of its levels.

You collected 335 gold pieces.

Inventory:

Hand Weapons
 f - a +0 dagger (weapon)
   (You took it off a kobold on level 1 of the Dungeon)
 w - a +1 flail of draining
   (You took it off an orc on level 3 of the Dungeon)
Missiles
 k - 78 stones (quivered)
Armour
 a - a +1 robe (worn)
 m - a cursed +0 chain mail
   (You found it on level 2 of the Dungeon)
 s - a +2 buckler (worn)
   (You found it on level 2 of the Dungeon)
Jewellery
 n - an uncursed ring of ice
   (You found it on level 2 of the Dungeon)
 v - an uncursed ring of resist corrosion
   (You found it on level 3 of the Dungeon)
Scrolls
 h - 5 scrolls of fear {unknown}
 i - 2 scrolls of teleportation {@r4}
 j - 3 scrolls of enchant armour
 p - 2 scrolls of immolation {!r}
 r - a scroll of enchant weapon {unknown}
 y - a scroll of blinking {unknown}
 B - a scroll of remove curse {unknown}
Potions
 b - 4 potions of brilliance {unknown}
 d - a potion of berserk rage {unknown}
 g - 3 potions of flight {unknown}
 l - 5 potions of heal wounds {unknown}
 q - a potion of mutation {unknown}
 t - a potion of resistance {unknown}
 x - 2 potions of agility {unknown}
 z - a potion of lignification {unknown}
 A - a potion of curing {unknown}
Books
 e - a book of Conjurations
 o - a book of Cantrips
   (You found it on level 2 of the Dungeon)
Comestibles
 c - 10 rations


   Skills:
 - Level 2.4 Dodging
 - Level 2.4 Stealth
 + Level 6.6 Spellcasting
 * Level 8.3 Conjurations
 + Level 4.0 Hexes


You had 5 spell levels left.
You knew the following spells:

 Your Spells              Type           Power        Failure   Level  Hunger
a - Magic Dart            Conj           ####         1%          1    None
b - Searing Ray           Conj           #####.       1%          2    None
c - Iskenderun's Mystic   Conj           #####...     4%          4    ###....
d - Dazzling Spray        Conj/Hex       ####..       3%          3    #......
e - Fulminant Prism       Conj/Hex       ####......   11%         4    ###....


Dungeon Overview and Level Annotations

Branches:
Dungeon (5/15)             Temple (1/1) D:4

Altars:
Ashenzari
Dithmenos
Fedhas
Gozag
Hepliaklqana
Kikubaaqudgha
Makhleb
Nemelex Xobeh
Okawaru
Ru
Sif Muna
Trog
Vehumet
Wu Jian
Xom
Zin


Message History

Aim: a leopard gecko zombie (moderately damaged)
The magic dart hits the leopard gecko zombie.
You destroy the leopard gecko zombie!
Sif Muna accepts your kill.
You start resting.
Eating one of 8 chunks of flesh.
You eat one of the 8 chunks of flesh.
Found a ring mail.
All of the chunks of flesh in your inventory have rotted away.
A centaur comes into view.
The centaur moves out of view.
You start waiting.
Done waiting.
Found 19 stones.
Found a scroll of immolation.
A zombie and a skeleton come into view.
Found 14 bolts.
Aim: a hound skeleton (hasn't noticed you)
The orb of energy hits the hound skeleton.
The orb of energy explodes!
The mystic blast hits the leopard gecko zombie.
You destroy the leopard gecko zombie!
Sif Muna accepts your kill.
Aim: a hound skeleton (severely damaged)
The magic dart hits the hound skeleton.
Aim: a hound skeleton (almost destroyed)
The magic dart hits the hound skeleton.
Aim: a hound skeleton (almost destroyed)
The magic dart hits the hound skeleton.
You destroy the hound skeleton!
Sif Muna accepts your kill.
You start resting.
Aim: a centaur, wearing a ring of ice (hasn't noticed you)
The magic dart hits the centaur.
The centaur wields a shortbow.
The centaur shoots an arrow.
The arrow hits you!
Aim: a centaur, wielding a shortbow and wearing a ring of ice The magic dart hits the centaur.
The centaur shoots an arrow.
The arrow hits you!
* * * LOW HITPOINT WARNING * * *
You can't see any susceptible monsters within range! (Use Z to cast anyway.)
Aim: a centaur, wielding a shortbow and wearing a ring of ice The magic dart hits the centaur.
The centaur shoots an arrow.
The arrow misses you.
The centaur shoots an arrow.
The arrow hits you!
* * * LOW HITPOINT WARNING * * *
You see here an arrow.
Aim: a centaur, wielding a shortbow and wearing a ring of ice The searing ray hits the centaur. (Press . to maintain the ray.)
The centaur shoots an arrow.
The arrow hits you.
You die...

.#
#........#..........#
.#
#........#..........#
.#
##########..........#
.# #..........# .#
#..........# .#
#..........# .#
#..........# .#
########..........#
.#
.....(.(@...c.....#
.#
.........#####..###
.# .........# #.# ##
.......(.# ..#
.........# .#
..?......# (........#
.........#


You could see a centaur.

Vanquished Creatures
  Sigmund (D:2)
  A phantom (D:4)
  An ogre (D:4)
  A scorpion (D:4)
  A jelly (D:5)
  5 hounds (D:4)
  An orc priest (D:3)
  Jessica (D:2)
  An orc wizard (D:5)
  A hound skeleton (D:5)
  A howler monkey skeleton (D:4)
  3 adders
  3 oozes
  A worm (D:3)
  An adder zombie (D:5)
  3 dart slugs
  A leopard gecko (D:4)
  14 orcs
  A ball python (D:3)
  7 bats
  4 giant cockroaches
  4 goblins
  8 hobgoblins
  14 jackals
  A quokka (D:3)
  4 frilled lizards
  5 kobolds
  2 leopard gecko zombies (D:5)
  9 rats
100 creatures vanquished.

Notes
Turn   | Place    | Note
-------+----------+-------------------------------------------
     0 | D:1      | Ignatius881 the Deep Elf Conjurer began the quest for the Orb.
     0 | D:1      | Reached XP level 1. HP: 10/10 MP: 6/6
   188 | D:1      | Reached XP level 2. HP: 15/15 MP: 5/8
   218 | D:1      | Learned a level 2 spell: Searing Ray
   764 | D:2      | Noticed Sigmund
   764 | D:2      | Noticed Jessica
   766 | D:2      | Killed Jessica
   766 | D:2      | Reached skill level 5 in Conjurations
   766 | D:2      | Reached XP level 3. HP: 19/19 MP: 7/10
   823 | D:2      | Killed Sigmund
   823 | D:2      | Reached skill level 5 in Spellcasting
   823 | D:2      | Reached skill level 6 in Conjurations
   823 | D:2      | Reached XP level 4. HP: 24/24 MP: 2/13
   823 | D:2      | Reached XP level 5. HP: 28/28 MP: 2/14
   920 | D:2      | Learned a level 4 spell: Iskenderun's Mystic Blast
   925 | D:2      | Learned a level 4 spell: Fulminant Prism
   929 | D:2      | Learned a level 3 spell: Dazzling Spray
  2095 | D:3      | Reached skill level 1 in Hexes
  2284 | D:3      | Found a burning altar of Makhleb.
  2809 | D:3      | Reached XP level 6. HP: 32/32 MP: 11/15
  2817 | D:3      | Reached skill level 7 in Conjurations
  2954 | D:3      | Found a glowing silver altar of Zin.
  2954 | D:3      | Found a shadowy altar of Dithmenos.
  2956 | D:3      | Found a sparkling altar of Nemelex Xobeh.
  3316 | D:4      | Found a staircase to the Ecumenical Temple.
  3517 | Temple   | Entered the Ecumenical Temple
  3729 | Temple   | Became a worshipper of Sif Muna the Loreminder
  3891 | D:4      | Reached XP level 7. HP: 36/36 MP: 12/18
  4397 | D:4      | Found an ornate altar of the Wu Jian Council.
  4432 | D:4      | Reached skill level 8 in Conjurations
  4643 | D:5      | Entered Level 5 of the Dungeon
  4874 | D:5      | Reached * piety under Sif Muna
  5258 | D:5      | Shot with an arrow by a centaur

Skill      XL: |  1  2  3  4  5  6  7 |
---------------+----------------------+-----
Conjurations   | 5 6 7 8 |  8.3
Spellcasting   | 5 6 |  6.6
Hexes          | 1 3 4 |  4.0
Dodging        | |  2.4
Stealth        | |  2.4

Action                   |  1- 3 |  4- 6 |  7- 9 || total
-------------------------+-------+-------+-------++-------
 Cast: Magic Dart        |    15 |   123 |    38 ||   176
       Searing Ray       |     6 |     5 |     8 ||    19
       Iskenderun's Myst |       |     5 |     5 ||    10
  Use: Scroll            |       |     6 |       ||     6
  Eat: Chunk             |       |    10 |     4 ||    14
Armor: Robe              |       |     2 |     5 ||     7
Dodge: Dodged            |       |     7 |     8 ||    15
Block: Buckler           |       |     1 |     4 ||     5
